cohdb
Replays
Latest Replays
All Replays
Popular Replays
Top Player Replays
Match Explorer
How It Works
Community
CoH3 Stats
Reddit
Sign in to upload your games and track your stats! →
Sign in with Steam
Match 44445385
Unlisted
Match 44445385
Overview
Messages
Build Orders
End
Construct Barracks
Selects Advanced Infantry Battlegroup
Riflemen Squad
M1 Mortar Team
Riflemen Squad
Grenade Package
Riflemen Squad
Construct Weapon Support Center
Selects Ammunition Storage
M1919 Machine Gun Team
Air Support Center
Construct Medical Station
M3 Armored Personnel Carrier
P-47 Strafing Run
Selects M2A1 105mm Howitzer Emplacement
Engineer Squad
Selects Convert to Ranger Squad
M3 Armored Personnel Carrier
P-47 Strafing Run
.30 cal Machine Gun
.30 cal Machine Gun
P-47 Strafing Run
Selects Free Fire Drills
Selects Frontline Medical Station
Grasshopper Recon Run
Construct Tank Depot
P-47 Strafing Run
M18 Hellcat Tank Destroyer
Grasshopper Recon Run
Selects Infantry Assault
RCXJPng
ClockworkVex
278283
headake
Shooty1819
Valar[M]orgHulis
Safety First
给老子加上去11
0
0
Comments
sign in to comment!
No comments posted yet!